TOP OF THE 1ST |
---|
Wilmington Rebels batting - Pitching for Intercourse Amish : RHP Errol Murphy | Pitching: RHP Errol Murphy | | Batting: RHB Marlon Hernández | 0-0: Ball 1-0: Ball 2-0: Fly out, F8 (Flyball, 8LS) | Batting: RHB Pedro Zavala | 0-0: Swinging Strike 0-1: Foul Ball, location: 2F 0-2: Ball 1-2: Ball 2-2: Strikes out swinging | Batting: LHB Guillermo Santos | 0-0: Swinging Strike 0-1: Swinging Strike 0-2: Strikes out swinging | Top of the 1st over - 0 runs, 0 hits, 0 errors, 0 left on base; Wilmington 0 - Intercourse 0 | BOTTOM OF THE 1ST |
---|
Intercourse Amish batting - Pitching for Wilmington Rebels : RHP Keith Hill | Pitching: RHP Keith Hill | | Batting: RHB Pablo Díaz | 0-0: Foul Ball, location: 2F 0-1: Ball 1-1: Ground out 6-3 (Groundball, 6) | Batting: LHB Jesús Rojas | 0-0: Ball 1-0: Ball 2-0: Ball 3-0: Base on Balls | Batting: SHB Ralph Robison | 0-0: Ball 1-0: Called Strike 1-1: Ball 2-1: Foul Ball, location: 2F 2-2: Ball 3-2: SINGLE (Groundball, 6MD) Jesús Rojas to second | Batting: LHB Dave Reynolds | 0-0: Foul Ball, location: 2F 0-1: Ball 1-1: Fly out, F9 (Flyball, 89D) | Batting: RHB Mitsuoki Taguchi | 0-0: Foul Ball, location: 2F 0-1: Called Strike 0-2: Strikes out swinging passed ball, reaches first! Jesús Rojas to third Ralph Robison to second | Batting: RHB Juan Estrada | 0-0: Fly out, F7 (Flyball, 7S) | Bottom of the 1st over - 0 runs, 1 hit, 0 errors, 3 left on base; Wilmington 0 - Intercourse 0 | TOP OF THE 2ND |
---|
Wilmington Rebels batting - Pitching for Intercourse Amish : RHP Errol Murphy | Batting: LHB Marv Gardner | 0-0: Ball 1-0: SINGLE (Groundball, 4M) (infield hit) | Batting: RHB Henry Dawson | 0-0: SINGLE (Groundball, 6MD) Marv Gardner to second | Batting: RHB Sergio Moreno | 0-0: Ball 1-0: Ball 2-0: Fly out, F7 (Flyball, 78D) | Batting: LHB Seth Sullivan | 0-0: Called Strike 0-1: Foul Ball, location: 2F 0-2: Ball 1-2: Ball 2-2: Fly out, F9 (Flyball, 89S) | Batting: RHB Brian McCoy | 0-0: Called Strike 0-1: Foul Ball, location: 2F 0-2: Foul Ball, location: 2F 0-2: Strikes out swinging | Top of the 2nd over - 0 runs, 2 hits, 0 errors, 2 left on base; Wilmington 0 - Intercourse 0 | BOTTOM OF THE 2ND |
---|
Intercourse Amish batting - Pitching for Wilmington Rebels : RHP Keith Hill | Batting: LHB Bruce Foster | 0-0: Foul Ball, location: 2F 0-1: Called Strike 0-2: Ball 1-2: Foul Ball, location: 2F 1-2: Ball 2-2: Foul Ball, location: 2F 2-2: Fly out, F8 (Flyball, 8RD) | Batting: LHB Tony O'Bryan | 0-0: Foul Ball, location: 2F 0-1: Ball 1-1: Foul Ball, location: 2F 1-2: Foul Ball, location: 2F 1-2: Foul Ball, location: 2F 1-2: Ball 2-2: Ground out 5-3 (Groundball, 56S) | Batting: SHB Conan Hanson | 0-0: Swinging Strike 0-1: Swinging Strike 0-2: Ball 1-2: Foul Ball, location: 2F 1-2: Foul Ball, location: 2F 1-2: Ball 2-2: Ball 3-2: SINGLE (Groundball, 34D) | Batting: RHB Pablo Díaz | 0-0: Ball 1-0: Ball 2-0: Called Strike 2-1: Swinging Strike 2-2: Foul Ball, location: 2F 2-2: Strikes out swinging | Bottom of the 2nd over - 0 runs, 1 hit, 0 errors, 1 left on base; Wilmington 0 - Intercourse 0 | TOP OF THE 3RD |
---|
Wilmington Rebels batting - Pitching for Intercourse Amish : RHP Errol Murphy | Batting: RHB Guillermo González | 0-0: Called Strike 0-1: Fly out, F5 (Line Drive, 5) | Batting: RHB Marlon Hernández | 0-0: Ball 1-0: Ball 2-0: Reached via error on a dropped throw, E3 | Batting: RHB Pedro Zavala | 0-0: Called Strike 0-1: Called Strike 0-2: Strikes out swinging | Batting: LHB Guillermo Santos | 0-0: Ball 1-0: Called Strike 1-1: Ball 2-1: Ball 3-1: Fly out, F8 (Flyball, 89D) | Top of the 3rd over - 0 runs, 0 hits, 1 error, 1 left on base; Wilmington 0 - Intercourse 0 | BOTTOM OF THE 3RD |
---|
Intercourse Amish batting - Pitching for Wilmington Rebels : RHP Keith Hill | Batting: LHB Jesús Rojas | 0-0: Foul Ball, location: 2F 0-1: Foul Ball, location: 2F 0-2: SOLO HOME RUN (Flyball, 9LD), Distance : 347 ft | Batting: SHB Ralph Robison | 0-0: Foul Ball, location: 2F 0-1: Reached via error on a dropped throw, E3 | Batting: LHB Dave Reynolds | 0-0: Fielders Choice at 2nd, 5-4 (Groundball, 5) | Batting: RHB Mitsuoki Taguchi | 0-0: Foul Ball, location: 2F 0-1: Ball 1-1: Fielders Choice at 2nd, 4-6 (Groundball, 34) | Batting: RHB Juan Estrada | 0-0: Ball 1-0: Ball Mitsuoki Taguchi steals 2nd base 2-0: Called Strike 2-1: Foul Ball, location: 2F 2-2: Strikes out swinging | Bottom of the 3rd over - 1 run, 1 hit, 1 error, 1 left on base; Wilmington 0 - Intercourse 1 | TOP OF THE 4TH |
---|
Wilmington Rebels batting - Pitching for Intercourse Amish : RHP Errol Murphy | Batting: LHB Marv Gardner | 0-0: Foul Ball, location: 2F 0-1: Swinging Strike 0-2: SINGLE (Groundball, 34D) | Batting: RHB Henry Dawson | 0-0: Called Strike 0-1: Called Strike 0-2: Ball 1-2: Ball 2-2: SINGLE (Groundball, 56S) (infield hit) Marv Gardner to second | Batting: RHB Sergio Moreno | 0-0: SINGLE (Line Drive, 8RS) Marv Gardner to third Henry Dawson to second | Batting: LHB Seth Sullivan | 0-0: Called Strike 0-1: Ball 1-1: Swinging Strike 1-2: Strikes out swinging | Batting: RHB Brian McCoy | 0-0: Called Strike 0-1: Ball 1-1: Called Strike 1-2: Foul Ball, location: 2F 1-2: Strikes out looking | Batting: RHB Guillermo González | 0-0: Ball 1-0: Ball 2-0: Fly out, F5 (Popup, 15S) | Top of the 4th over - 0 runs, 3 hits, 0 errors, 3 left on base; Wilmington 0 - Intercourse 1 | BOTTOM OF THE 4TH |
---|
Intercourse Amish batting - Pitching for Wilmington Rebels : RHP Keith Hill | Batting: LHB Bruce Foster | 0-0: Called Strike 0-1: Ball 1-1: Ball 2-1: Ball 3-1: Foul Ball, location: 2F 3-2: Fly out, F3 (Line Drive, 34) | Batting: LHB Tony O'Bryan | 0-0: Called Strike 0-1: Called Strike 0-2: Fly out, F8 (Flyball, 8RD) | Batting: SHB Conan Hanson | 0-0: Foul Ball, location: 2F 0-1: Ground out 4-3 (Groundball, 34) | Bottom of the 4th over - 0 runs, 0 hits, 0 errors, 0 left on base; Wilmington 0 - Intercourse 1 | TOP OF THE 5TH |
---|
Wilmington Rebels batting - Pitching for Intercourse Amish : RHP Errol Murphy | Batting: RHB Marlon Hernández | 0-0: Ball 1-0: Ball 2-0: Foul Ball, location: 2F 2-1: Ball 3-1: Base on Balls | Batting: RHB Pedro Zavala | 0-0: Ball 1-0: Called Strike 1-1: Ball 2-1: Foul Ball, location: 2F 2-2: Foul Ball, location: 2F 2-2: Strikes out swinging | Pitching: RHP Don Wiggins | | Batting: LHB Guillermo Santos | 0-0: Foul Ball, location: 2F 0-1: Ball 1-1: Called Strike Marlon Hernández steals 2nd base 1-2: Foul Ball, location: 2F 1-2: SINGLE (Groundball, 34D) Marlon Hernández to third Runner from 3rd tries for Home, SAFE, no throw | Batting: LHB Marv Gardner | 0-0: Foul Ball, location: 2F 0-1: Foul Ball, location: 2F 0-2: Ball 1-2: Strikes out swinging | Batting: RHB Henry Dawson | 0-0: Called Strike 0-1: Fly out, F6 (Line Drive, 6M) | Top of the 5th over - 1 run, 1 hit, 0 errors, 1 left on base; Wilmington 1 - Intercourse 1 | BOTTOM OF THE 5TH |
---|
Intercourse Amish batting - Pitching for Wilmington Rebels : RHP Keith Hill | Batting: RHB Pablo Díaz | 0-0: Foul Ball, location: 2F 0-1: Ball 1-1: Reached on error, E6 (Groundball, 6M) | Batting: LHB Jesús Rojas | 0-0: Ball 1-0: Ball 2-0: SINGLE (Line Drive, 7LS) Pablo Díaz to third | Batting: SHB Ralph Robison | 0-0: Foul Ball, location: 2F 0-1: Ball 1-1: SINGLE (Flyball, 7S) Pablo Díaz scores Jesús Rojas to second | Batting: LHB Dave Reynolds | 0-0: Fly out, F8 (Flyball, 8LXD) Runner from 2nd tags up, SAFE at 3rd, no throw | Batting: RHB Mitsuoki Taguchi | 0-0: Called Strike 0-1: Fly out, F8 (Flyball, 8RM) Runner from 3rd tags up, OUT at HOME | Bottom of the 5th over - 1 run, 2 hits, 1 error, 1 left on base; Wilmington 1 - Intercourse 2 | TOP OF THE 6TH |
---|
Wilmington Rebels batting - Pitching for Intercourse Amish : RHP Don Wiggins | Batting: RHB Sergio Moreno | 0-0: Ball 1-0: Ball 2-0: Called Strike 2-1: Swinging Strike 2-2: Foul Ball, location: 2F 2-2: Ball 3-2: SOLO HOME RUN (Flyball, 9LD), Distance : 354 ft | Batting: LHB Seth Sullivan | 0-0: Ball 1-0: Ball 2-0: Called Strike 2-1: Ball 3-1: Ground out 4-3 (Groundball, 4) | Batting: RHB Brian McCoy | 0-0: Ball 1-0: Foul Ball, location: 2F 1-1: Swinging Strike 1-2: Reached on error, E5 (Groundball, 56S) | Batting: RHB Guillermo González | 0-0: SINGLE (Groundball, 4MD) Brian McCoy to second | Batting: RHB Marlon Hernández | 0-0: Ball 1-0: Ball 2-0: Ball 3-0: Base on Balls Brian McCoy to third Guillermo González to second | Batting: RHB Pedro Zavala | 0-0: Ball 1-0: Called Strike 1-1: Ball 2-1: Called Strike 2-2: Foul Ball, location: 2F 2-2: Strikes out looking and he ARGUES THE CALL AND IS TOSSED! | Batting: LHB Guillermo Santos | 0-0: Called Strike 0-1: Foul Ball, location: 2F 0-2: Strikes out swinging | Top of the 6th over - 1 run, 2 hits, 1 error, 3 left on base; Wilmington 2 - Intercourse 2 | BOTTOM OF THE 6TH |
---|
Intercourse Amish batting - Pitching for Wilmington Rebels : RHP Keith Hill | Now in RF: Pedro Sandoval | | Batting: RHB Juan Estrada | 0-0: Ball 1-0: Foul Ball, location: 2F 1-1: Swinging Strike 1-2: Strikes out looking | Batting: LHB Bruce Foster | 0-0: Called Strike 0-1: Swinging Strike 0-2: Strikes out looking | Batting: LHB Tony O'Bryan | 0-0: Called Strike 0-1: Ball 1-1: Ground out U3 (Groundball, 34) | Bottom of the 6th over - 0 runs, 0 hits, 0 errors, 0 left on base; Wilmington 2 - Intercourse 2 | TOP OF THE 7TH |
---|
Wilmington Rebels batting - Pitching for Intercourse Amish : RHP Don Wiggins | Batting: LHB Marv Gardner | 0-0: Ball 1-0: Called Strike 1-1: Ground out U3 (Groundball, 3) | Batting: RHB Henry Dawson | 0-0: Called Strike 0-1: Ball 1-1: Fly out, F8 (Flyball, 8LD) | Batting: RHB Sergio Moreno | 0-0: Called Strike 0-1: Foul Ball, location: 2F 0-2: DOUBLE (Flyball, 89XD) | Batting: LHB Seth Sullivan | 0-0: SINGLE (Groundball, 34D) Sergio Moreno to third Runner from 3rd tries for Home, SAFE, no throw | Batting: RHB Brian McCoy | 0-0: Called Strike Seth Sullivan is caught stealing 2nd base | Top of the 7th over - 1 run, 2 hits, 0 errors, 0 left on base; Wilmington 3 - Intercourse 2 | BOTTOM OF THE 7TH |
---|
Intercourse Amish batting - Pitching for Wilmington Rebels : RHP Keith Hill | Pitching: RHP Juan Baca | | Batting: SHB Conan Hanson | 0-0: Ball 1-0: Ball 2-0: Ball 3-0: Base on Balls | Batting: RHB Pablo Díaz | 0-0: Ball 1-0: Ball 2-0: Foul Ball, location: 2F 2-1: Foul Ball, location: 2F 2-2: Ball 3-2: Ground out 5-3 (Groundball, 56S) Conan Hanson to second | Pitching: LHP Alan Baca | | Batting: LHB Jesús Rojas | 0-0: Ball 1-0: Ball 2-0: Ball 3-0: Foul Ball, location: 2F 3-1: Base on Balls | Batting: SHB Ralph Robison | 0-0: Ball 1-0: Called Strike 1-1: Ball 2-1: Ball 3-1: Base on Balls Conan Hanson to third Jesús Rojas to second | Batting: LHB Dave Reynolds | 0-0: Called Strike 0-1: Ball 1-1: Foul Ball, location: 2F 1-2: Strikes out looking | Pitching: RHP William Gallegos | | Batting: RHB Mitsuoki Taguchi | 0-0: Ball 1-0: Ball Wild Pitch! Conan Hanson scores Jesús Rojas to third Ralph Robison to second 2-0: Foul Ball, location: 2F 2-1: Foul Ball, location: 2F 2-2: Ball 3-2: Ground out 6-3 (Groundball, 6MS) | Bottom of the 7th over - 1 run, 0 hits, 0 errors, 2 left on base; Wilmington 3 - Intercourse 3 | TOP OF THE 8TH |
---|
Wilmington Rebels batting - Pitching for Intercourse Amish : RHP Don Wiggins | Pitching: RHP Jeremiah Moran | | Batting: RHB Brian McCoy | 0-0: Foul Ball, location: 2F 0-1: Foul Ball, location: 2F 0-2: Strikes out looking | Pinch Hitting: LHB Marv Alexander | 0-0: Fly out, F6 (Popup, 6MS) | Batting: RHB Marlon Hernández | 0-0: Ball 1-0: SINGLE (Groundball, 56D) | Batting: RHB Pedro Sandoval | 0-0: Ball Marlon Hernández steals 2nd base 1-0: Ball 2-0: Ball 3-0: Base on Balls | Batting: LHB Guillermo Santos | 0-0: Foul Ball, location: 2F 0-1: Ball 1-1: Swinging Strike 1-2: Strikes out looking | Top of the 8th over - 0 runs, 1 hit, 0 errors, 2 left on base; Wilmington 3 - Intercourse 3 | BOTTOM OF THE 8TH |
---|
Intercourse Amish batting - Pitching for Wilmington Rebels : RHP William Gallegos | Now in RF: Marv Alexander | | Batting: RHB Juan Estrada | 0-0: Ball 1-0: Ball 2-0: Ball 3-0: Base on Balls | Batting: LHB Bruce Foster | 0-0: Ball 1-0: Called Strike 1-1: Swinging Strike 1-2: Ball 2-2: Ball 3-2: Foul Ball, location: 2F 3-2: Foul Ball, location: 2F 3-2: Base on Balls Juan Estrada to second | Batting: LHB Tony O'Bryan | 0-0: Bunt missed! 0-1: Sac Bunt - play at first, batter OUT! 2-4 Juan Estrada to third Bruce Foster to second | Batting: SHB Conan Hanson | 0-0: Foul Ball, location: 2F 0-1: Ball 1-1: Swinging Strike 1-2: Strikes out swinging | Batting: RHB Pablo Díaz | 0-0: Called Strike 0-1: Ball 1-1: Foul Ball, location: 2F 1-2: Ball 2-2: Strikes out looking | Bottom of the 8th over - 0 runs, 0 hits, 0 errors, 2 left on base; Wilmington 3 - Intercourse 3 | TOP OF THE 9TH |
---|
Wilmington Rebels batting - Pitching for Intercourse Amish : RHP Jeremiah Moran | Pitching: LHP Manuel Encarnación | | Pinch Hitting: RHB Miguel Cervantes | 0-0: Ball 1-0: SINGLE (Flyball, 78S) | Pinch Runner at 1st Keith Gamble: | | Batting: RHB Henry Dawson | 0-0: Ball 1-0: Ball 2-0: Ball 3-0: Called Strike 3-1: Base on Balls Keith Gamble to second | Batting: RHB Sergio Moreno | 0-0: Ball Keith Gamble steals 3rd base 1-0: Foul Ball, location: 2F 1-1: Bunted foul 1-2: Ball 2-2: Foul Ball, location: 2F 2-2: Ball 3-2: SINGLE (Flyball, 7LS) Keith Gamble scores Henry Dawson to second | Batting: LHB Seth Sullivan | 0-0: Bunt - Flyout! F2 | Batting: RHB Brian McCoy | 0-0: Called Strike 0-1: Ball Sergio Moreno steals 2nd base Henry Dawson to third 1-1: Ball 2-1: Ball 3-1: Foul Ball, location: 2F 3-2: Base on Balls | Pinch Hitting: RHB Andrew Deal | 0-0: Ball 1-0: Grounds into fielders choice 1-2 (Groundball, 13S) Sergio Moreno to third Brian McCoy to second | Batting: RHB Marlon Hernández | 0-0: Called Strike 0-1: Ball 1-1: Called Strike 1-2: Ball 2-2: Foul Ball, location: 2F 2-2: Strikes out looking | Top of the 9th over - 1 run, 2 hits, 0 errors, 3 left on base; Wilmington 4 - Intercourse 3 | BOTTOM OF THE 9TH |
---|
Intercourse Amish batting - Pitching for Wilmington Rebels : RHP William Gallegos | Pitching: RHP Francisco Luna | | Now at C: Juan Jose Mendoza | | Now at 1B: Ernesto Gómez | | Now at 2B: Ivan Costello | | Now in LF: Andrew Deal | | Batting: LHB Jesús Rojas | 0-0: Ball 1-0: Swinging Strike 1-1: Ball 2-1: Fly out, F7 (Line Drive, 78M) | Batting: SHB Ralph Robison | 0-0: Ball 1-0: Foul Ball, location: 2F 1-1: Foul Ball, location: 2F 1-2: Ball 2-2: Fly out, F9 (Flyball, 9) | Batting: LHB Dave Reynolds | 0-0: Foul Ball, location: 2F 0-1: Ground out U3 (Groundball, 3) | Bottom of the 9th over - 0 runs, 0 hits, 0 errors, 0 left on base; Wilmington 4 - Intercourse 3 | |